 Dungeon Crawl Stone Soup version 0.29-a0-982-gaed3a0c8d8 (webtiles) character file.

Game seed: 2984099381162618424

3122 Ishtari the Basher (level 10, 0/75 (83) HPs)
             Began as a Meteoran Fighter on Aug 1, 2022.
             Was a Believer of the Shining One.
             Slain by a wight
             ... wielding a +0 dire flail
              (1 damage)
             ... on level 8 of the Dungeon.
             The game lasted 00:08:38 (3822 turns).

Ishtari the Basher (Meteoran Fighter)               Turns: 3822, Time: 00:08:40

HP:   0/75 (83)     AC: 13    Str: 24    XL:     10   Next: 36%
MP:   11/11         EV:  8    Int: 15    God:    the Shining One [**....]
Gold: 245           SH: 11    Dex: 13    Spells: 9/9 levels left

rFire   . . .      SeeInvis .   a - +0 flail (venom)
rCold   . . .      Faith    .   c - +0 buckler
rNeg    + . .      Spirit   .   d - +0 plate armour
rPois   .          Reflect  +   (no helmet)
rElec   .          Harm     .   (no cloak)
rCorr   .          Rampage  .   (no gloves)
Will    +....                   (no boots)
Stlth   ..........              r - amulet of reflection
HPRegen 0.22/turn               g - +6 ring of intelligence
MPRegen 0.12/turn               (no ring)

@: glowing, drained
A: sense surroundings 2, otherworldly, glowing, explore regen
a: Renounce Religion, Divine Shield


You were on level 8 of the Dungeon.
You worshipped the Shining One.
The Shining One was pleased with you.
You visited 1 branch of the dungeon, and saw 7 of its levels.
You also visited: Sewer.

You collected 245 gold pieces.

Inventory:

Hand Weapons
 a - a +0 flail of venom (weapon)
Missiles
 f - a throwing net (quivered)
Armour
 b - a +0 scale mail
 c - a +0 buckler (worn)
 d - a +0 plate armour (worn)
Jewellery
 g - a +6 ring of intelligence (left hand)
 h - a ring of resist corrosion
 k - a ring of poison resistance
 r - an amulet of reflection (around neck)
Wands
 n - a wand of roots (8)
 s - a wand of flame (6)
 w - a wand of digging (8)
Scrolls
 e - 4 scrolls of teleportation
 j - 2 scrolls of fog
 l - 2 scrolls of noise
 m - a scroll of enchant armour {unknown}
 o - 4 scrolls of vulnerability
 q - 2 scrolls of summoning
 u - a scroll of silence {unknown}
 v - a scroll of amnesia
Potions
 i - 3 potions of flight
 p - a potion of haste
 t - 3 potions of degeneration
 x - a potion of attraction


   Skills:
 + Level 6.2 Fighting
 + Level 11.1 Maces & Flails
 + Level 8.2 Armour
 + Level 4.2 Dodging
 + Level 0.7 Stealth
 + Level 8.1 Shields
 + Level 0.5 Invocations


You had 9 spell levels left.
You didn't know any spells.
Your spell library contained the following spells:

 Spells                   Type           Power      Damage    Failure   Level
 Sandblast                Erth           0%         2d4       99%         1
 Shock                    Conj/Air       0%         1d3       99%         1
 Slow                     Hex            0%         N/A       99%         1
 Sting                    Tmut/Pois      0%         1d3       99%         1
 Passwall                 Tmut/Erth      0%         N/A       100%        2
 Poisonous Vapours        Pois/Air       0%         N/A       100%        2
 Confusing Touch          Hex            0%         N/A       100%        3
 Stone Arrow              Conj/Erth      0%         3d7       100%        3
 Swiftness                Air            0%         N/A       100%        3
 Vampiric Draining        Necr           0%         2d6       100%        3
 Airstrike                Air            0%         0-1+      100%        4
 Olgreb's Toxic Radiance  Pois           0%         N/A       100%        4
 Summon Ice Beast         Ice/Summ       0%         N/A       100%        4
 Summon Mana Viper        Hex/Summ       0%         N/A       100%        5
 Monstrous Menagerie      Summ           0%         N/A       100%        7


Dungeon Overview and Level Annotations

Branches:
Dungeon (8/15) Zot: 429      Lair (0/5) D:8           Sewer (visited)
 Temple: D:4-7

Altars:
Ashenzari
The Shining One


Innate Abilities, Weirdness & Mutations

You passively map the area around you.
You are easily found by Zot.
You glow in the dark.
You regain HP and MP as you explore.


Message History

a +1 falchion; a +2 robe of cold resistance; a black bear corpse You hit the wight but do no damage.
The water moccasin bites you but does no damage.
You block the wight's attack.
The wight hits you with a +0 dire flail.
The black bear bites you but does no damage.
You block the black bear's attack.
The black bear claws you but does no damage.
You block the wight's attack.
You hit the wight.
The wight is lightly damaged.
You block the water moccasin's attack. The wight hits you with a +0 flail.
You partially resist.
You feel drained.
The wight hits you with a +0 dire flail!
* * * LOW HITPOINT WARNING * * *
The black bear bites you but does no damage.
The black bear closely misses you. You block the black bear's attack.
The wight hits you with a +0 great sword!
* * * LOW HITPOINT WARNING * * *
You partially resist.
You feel drained.
* * * LOW HITPOINT WARNING * * *
You sock the black bear!
The black bear is poisoned.
The black bear is moderately wounded.
The water moccasin bites you but does no damage.
The wight hits you but does no damage. The black bear bites you.
* * * LOW HITPOINT WARNING * * *
You block the black bear's attack. The black bear barely misses you.
The wight hits you with a +0 great sword!
* * * LOW HITPOINT WARNING * * *
You partially resist.
You feel drained. The Shining One protects you from harm!
The wight closely misses you. The water moccasin barely misses you.
Okay, then.
As you read the scroll of summoning, it crumbles to dust.
Wisps of shadow whirl around you...
Your orc priest dissolves into shadows!
The water moccasin bites you but does no damage.
You block the wight's attack.
The wight hits you with a +0 dire flail.
You die...

* #..............#...# *
#,#.......P.....<..... ,
#.#...P.....P..###.... ,
#.#...................
###..P...........###..##
#............PP.P.##..##
#.##....o.........##..##
......zSP.....P....#..##
**
......z@z.P.......P.....
...P...h...o.P..P.P.####
......:.c.>......... # ,
....P.........P..... ,,
#..P..PP......... ,, , ,
#....P.......... , * ,,,
#.....P........ , * , ,
..............P , , , ,,
, ,,


You could see a water moccasin (ally target), a black bear (very poisoned, ally
target), 3 wights, a friendly centaur (summoned), a friendly orc wizard
(summoned) and a friendly orc (summoned).

Vanquished Creatures
  A cyclops (D:7)
  Menkaure (D:6)
  4 water moccasins
  Pargi (Sewer)
  2 orc warriors
  2 sky beasts
  An ice beast (D:7)
  3 black bears
  A centaur (D:4)
  3 phantoms (D:6)
  A necrophage (D:5)
  3 bullfrogs
  5 scorpions
  A wight (D:8)
  A howler monkey (D:8)
  2 jellies
  An orc priest (D:8)
  2 hounds
  An iguana (D:6)
  5 orc wizards
  7 gnolls
  5 adders
  A shadow imp (D:8)
  A white imp (D:7)
  2 ufetubi
  2 worms (D:4)
  2 dart slugs
  12 orcs
  6 bats
  5 endoplasms
  4 goblins
  7 hobgoblins
  3 jackals (D:1)
  2 quokkas
  3 ball pythons (D:1)
  A frilled lizard (D:2)
  6 kobolds
  2 rats (D:1)
112 creatures vanquished.

Vanquished Creatures (others)
  43 fungi (D:8)
  53 plants (D:8)
96 creatures vanquished.

Grand Total: 208 creatures vanquished

Notes
Turn   | Place    | Note
-------+----------+-------------------------------------------
     0 | D:1      | Ishtari the Meteoran Fighter began the quest for the Orb.
     0 | D:1      | Reached XP level 1. HP: 19/19 MP: 2/2
    21 | D:1      | Reached XP level 2. HP: 26/26 MP: 3/3
    36 | D:1      | Reached skill level 3 in Maces & Flails
   215 | D:1      | Reached XP level 3. HP: 31/31 MP: 4/4
   481 | D:1      | Glimpsed the power of Zot.
   658 | D:2      | Reached XP level 4. HP: 33/38 MP: 5/5
   734 | D:2      | Found a faded altar of an unknown god.
   747 | D:2      | Prayed at the altar of an unknown god.
   747 | D:2      | Became a worshipper of the Shining One
   747 | D:2      | Reached * piety under the Shining One
   848 | D:2      | You fall into a shaft and drop 2 floors!
   906 | D:4      | Reached skill level 4 in Maces & Flails
   933 | D:4      | Found a broken altar of Ashenzari.
   981 | D:4      | Noticed a bullfrog
   990 | D:4      | Killed a bullfrog
   991 | D:4      | Reached XP level 5. HP: 31/46 MP: 6/6
  1012 | D:4      | Reached skill level 5 in Maces & Flails
  1304 | D:4      | Noticed a centaur
  1312 | D:4      | Killed a centaur
  1313 | D:4      | Reached skill level 5 in Armour
  1313 | D:4      | Reached XP level 6. HP: 43/52 MP: 7/7
  1348 | D:4      | Found a glowing drain.
  1361 | Sewer    | Entered a sewer
  1389 | Sewer    | Noticed Pargi
  1398 | Sewer    | Killed Pargi
  1399 | Sewer    | Reached skill level 6 in Maces & Flails
  1399 | Sewer    | Reached skill level 1 in Dodging
  1399 | Sewer    | Reached XP level 7. HP: 50/59 MP: 8/8
  1688 | D:5      | Entered Level 5 of the Dungeon
  1832 | D:5      | HP: 1/59 [gnoll/+0 flail (7)]
  2207 | D:5      | Reached skill level 7 in Maces & Flails
  2207 | D:5      | Reached skill level 5 in Shields
  2334 | D:5      | Glimpsed the power of Zot.
  2384 | D:5      | Glimpsed the power of Zot.
  2419 | D:6      | Reached XP level 8. HP: 67/67 MP: 9/9
  2580 | D:6      | Noticed Menkaure
  2594 | D:6      | Killed Menkaure
  2595 | D:6      | Reached skill level 8 in Maces & Flails
  2624 | D:6      | Reached ** piety under the Shining One
  2757 | D:6      | Gained mutation: You passively map the area around you.
                  | [Meteoran growth]
  2757 | D:6      | Reached XP level 9. HP: 69/73 MP: 10/10
  2764 | D:6      | Reached skill level 5 in Fighting
  2940 | D:6      | Glimpsed the power of Zot.
  2976 | D:7      | Reached skill level 9 in Maces & Flails
  3187 | D:7      | Noticed a cyclops
  3201 | D:7      | Killed a cyclops
  3212 | D:7      | Reached skill level 10 in Maces & Flails
  3542 | D:7      | Glimpsed the power of Zot.
  3592 | D:7      | Glimpsed the power of Zot.
  3696 | D:8      | Reached XP level 10. HP: 72/83 MP: 11/11
  3796 | D:8      | Found a staircase to the Lair.
  3812 | D:8      | Reached skill level 11 in Maces & Flails
  3821 | D:8      | HP: 1/77 [wight/+0 great sword (8)]
  3821 | D:8      | The Shining One protects you from harm!
  3822 | D:8      | Slain by a wight

Illustrated notes

Levels and vault maps discovered:
D:1:      dpeg_arrival_renting, layout_rooms
D:2:      layout_basic, ebering_ecumenical_altar_webs
D:4:      layout_basic, mainiacjoe_overflow_catwalk,
          cheibrodos_sewer_entry_bend, patterned_corridor
D:5:      layout_loops_cross, gammafunk_ghost_cemetery
D:6:      layout_cave_pools, uniq_menkaure
D:7:      layout_loops_corners, minmay_temple_entry_antechambers
D:8:      layout_loops_ring, due_lair_maze_entry_diamond

Skill      XL: |  1  2  3  4  5  6  7  8  9 10 |
---------------+-------------------------------+-----
Maces & Flails | 3 4 5 6 7 8 10 11 | 11.1
Shields        | 4 5 6 7 8 |  8.1
Armour         | 4 5 6 7 8 |  8.2
Fighting       | 4 5 6 |  6.2
Dodging        | 1 2 3 4 |  4.2
Stealth        | |  0.7
Invocations    | |  0.5

Action                   |  1- 3 |  4- 6 |  7- 9 | 10-12 || total
-------------------------+-------+-------+-------+-------++-------
Melee: Flail             |    78 |    58 |   174 |    69 ||   379
Invok: Divine Shield     |       |       |     1 |       ||     1
  Use: Scroll            |     4 |       |     6 |     1 ||    11
       Potion            |       |       |    12 |       ||    12
Armor: Scale mail        |    50 |    30 |    44 |       ||   124
       Plate armour      |       |       |    17 |    42 ||    59
Dodge: Dodged            |    18 |    18 |    63 |    25 ||   124
Block: Buckler           |    14 |    33 |   119 |    46 ||   212
       Reflection        |       |     2 |       |     1 ||     3

Table legend: (Time is in decaauts)
 A = Elapsed time spent in this place.
 B = Non-inter-level travel time spent in this place.
 C = Inter-level travel time spent in this place.
 D = Time resting spent in this place.
 E = Time spent auto-exploring this place.
 F = Levels seen in this place.
 G = Mean time per level.
                   A        B        C        D        E       F      G
               +--------+--------+--------+--------+--------+-----+--------+
         Total |   3854 |   3703 |    151 |    632 |   2185 |   8 |  481.8 |
       Dungeon |   3769 |   3618 |    151 |    632 |   2162 |   7 |  538.4 |
         Sewer |     85 |     85 |      0 |      0 |     23 |   1 |   85.0 |
               +--------+--------+--------+--------+--------+-----+--------+

Top non-repeatable levels by time:
     D:4: 771 daAuts
     D:5: 728 daAuts
     D:7: 659 daAuts
     D:6: 542 daAuts
     D:1: 530 daAuts
     D:2: 341 daAuts
     D:8: 196 daAuts
   Sewer: 85 daAuts
